Dynamic Boxscore Link
Red Tails
11-9
2
FINAL (OT)
3
Miami
Trident
9-13
Summary
Boxscore
Lineups
Recap

2nd Period

1-0 TRTScore
8:07Time
5v5Type

3rd Period

1-1 TiedScore
0:46Time
5v5Type
2-1 TRTScore
2:00Time
5v5Type
2-2 TiedScore
9:37Time
5v5Type

Overtime

3-2 TRIScore
1:47Time
5v5Type

Penalties

2nd Period
Jarred Kennelly (TRI) for Roughing (Minor) at 8:10
Lubos Gebauer (TRI) for Roughing (Minor) at 10:53
3rd Period
Harry Clerk (TRT) for Roughing (Minor) at 15:42
TRT
TRI

Red Tails

# Player Pos G A PTS +/- S PIM TOI SB Hits GA TA
60 Bill Brelih LW 1 0 1 0 1 0 13:40 1 1 0 0
58 Coltyn Bergevin D 0 1 1 1 6 0 25:10 0 1 1 0
5 Clifford Nickles C 1 0 1 1 1 0 09:22 0 0 0 0
4 Kobe Babych D 0 1 1 -2 1 0 19:11 1 1 0 0
80 Waldemar Janne RW 0 1 1 0 4 0 14:51 0 1 0 0
2 Lukas Weller D 0 1 1 0 1 0 23:50 2 2 0 0
81 Svyatoslav Mylnikov D 0 0 0 1 0 0 14:38 2 3 0 1
67 Leimo Ali RW 0 0 0 -2 10 0 17:33 0 2 0 0
26 Blaize Bremer LW 0 0 0 -1 3 0 17:45 1 1 1 0
25 Harry Clerk C 0 0 0 0 0 2 13:45 0 2 1 0
29 Tom Folke C 0 0 0 0 5 0 20:58 0 1 0 0
73 Dolf Imseng D 0 0 0 -2 4 0 22:56 2 2 2 0
6 Vyacheslav Oleshko D 0 0 0 1 0 0 14:38 0 1 0 0
42 Joel Mcgauley RW 0 0 0 1 2 0 08:29 0 0 0 0
56 Jonny Roman LW 0 0 0 1 0 0 09:54 0 1 0 0
18 Cruz Dupont RW 0 0 0 0 3 0 18:55 0 1 5 0
15 Ashton Thomson C 0 0 0 -2 4 0 17:49 1 5 0 0
37 Cole Mcure LW 0 0 0 0 1 0 19:57 1 3 0 0
# Goalie GA SA SV SV% TOI
1 J.T. Macleish 0 0 0 0.000 0:00
31 Olaf Patalong 3 20 17 0.850 61:47
TRT
TRI

Red Tails

Red Tails

5 vs 5 Forward
Line #Left WingCenterRight WingPHYDFOFWanted %Time %Time Play
1Cole McureTom FolkeCruz Dupont0143332%17:27
2Blaize BremerAshton ThomsonLeimo Ali1132827%14:49
3Bill BrelihHarry ClerkWaldemar Janne1222525%13:18
4Jonny RomanClifford NicklesJoel Mcgauley1221416%8:29
5 vs 5 Defense
Line #DefenseDefensePHYDFOFWanted %Time %Time Play
1Lukas WellerColtyn Bergevin1224039%21:03
2Dolf ImsengKobe Babych1223032%17:13
3Svyatoslav MylnikovVyacheslav Oleshko2212526%14:01
4Dolf ImsengLukas Weller22153%1:46
Power Play Forward
Line #Left WingCenterRight WingPHYDFOFWanted %Time %Time Play
1Cole McureTom FolkeWaldemar Janne0146041%1:37
2Blaize BremerAshton ThomsonLeimo Ali0144059%2:21
Power Play Defense
Line #DefenseDefensePHYDFOFWanted %Time %Time Play
1Dolf ImsengColtyn Bergevin0146065%2:34
2Cruz DupontLukas Weller0144035%1:24
Penalty Kill 4 Players Forward
Line #CenterWingPHYDFOFWanted %Time %Time Play
1Clifford NicklesBlaize Bremer1315045%0:53
2Harry ClerkJonny Roman1315055%1:06
Penalty Kill 4 Players Defense
Line #DefenseDefensePHYDFOFWanted %Time %Time Play
1Svyatoslav MylnikovVyacheslav Oleshko2305058%1:09
2Kobe BabychColtyn Bergevin2305042%0:50
Penalty Kill 3 Players
Line #WingPHYDFOFWanted %Time %Time PlayDefenseDefensePHYDFOFWanted %Time %Time Play
1Clifford Nickles140500%0:00 Svyatoslav MylnikovLukas Weller140500%0:00
2Jonny Roman140500%0:00 Vyacheslav OleshkoColtyn Bergevin140500%0:00
4 vs 4 Forward
Line #CenterWingPHYDFOFWanted %Time %Time Play
1Tom FolkeLeimo Ali122500%0:00
2Harry ClerkCole Mcure122500%0:00
4 vs 4 Defense
Line #DefensePHYDFOFWanted %Time %Time Play
1Svyatoslav MylnikovColtyn Bergevin122500%0:00
2Vyacheslav OleshkoKobe Babych122500%0:00
Last Minutes Offensive
Left WingCenterRight WingDefenseDefense
Cole McureTom FolkeLeimo AliDolf ImsengLukas Weller
Last Minutes Defensive
Left WingCenterRight WingDefenseDefense
Blaize BremerClifford NicklesCruz DupontSvyatoslav MylnikovVyacheslav Oleshko
Time
Total ForwardTotal DefenseLast Minutes OffensiveLast Minutes Defensive
60:00 60:00 0:000:00
Extra Forwards
Normal PowerPlayPenalty Kill
Cole Mcure, Ashton Thomson, Blaize BremerTom Folke, Cruz DupontJonny Roman
Extra Defensemen
Normal PowerPlayPenalty Kill
Lukas Weller, Coltyn Bergevin, Kobe BabychDolf Imseng, Svyatoslav MylnikovVyacheslav Oleshko
Penalty Shots
Tom Folke, Dolf Imseng, Ashton Thomson, Blaize Bremer, Leimo Ali
Goalie
Olaf Patalong, J.T. Macleish
Custom OT Lines Forwards
Tom Folke, Cole Mcure, Ashton Thomson, Leimo Ali, Bill Brelih, Cruz Dupont, Blaize Bremer, Clifford Nickles, Harry Clerk, Jonny Roman
Custom OT Lines Defensemen
Dolf Imseng, Lukas Weller, Kobe Babych, Coltyn Bergevin, Svyatoslav Mylnikov
Scratches
Aki-Ville Lallo (Healthy)
1st Period

0:01 of 1st period - Tom Folke wins face-off versus Garland Newkirk in neutral zone.
0:16 of 1st period - Snap shot by Valentin Lokhanov.
0:16 of 1st period - Stopped by Olaf Patalong with a rebound.
0:26 of 1st period - Jimmy Ruddell is hit by Lukas Weller and loses puck.
0:37 of 1st period - Slapshot by Dolf Imseng.
0:37 of 1st period - Stopped by Jim Gloeckner without a rebound.
0:38 of 1st period - Terrence Mazzei wins face-off versus Harry Clerk in Trident zone.
1:05 of 1st period - Lenny Koonts is hit by Dolf Imseng and loses puck.
1:10 of 1st period - Slapshot by Dolf Imseng.
1:10 of 1st period - Stopped by Jim Gloeckner with a rebound.
1:12 of 1st period - Slapshot by Jonny Roman.
1:12 of 1st period - Shot Misses the Net.
1:25 of 1st period - Icing by Loren Converse.
1:26 of 1st period - Tom Folke wins face-off versus Riordan Winstone in Trident zone.
3:25 of 1st period - Wrist shot by Silvan Haslebacher.
3:25 of 1st period - Stopped by Olaf Patalong without a rebound.
3:26 of 1st period - Ashton Thomson wins face-off versus Garland Newkirk in Red Tails zone.
3:31 of 1st period - Slapshot by Blaize Bremer.
3:31 of 1st period - Stopped by Jim Gloeckner with a rebound.
3:33 of 1st period - Snap shot by Ashton Thomson.
3:33 of 1st period - Shot Blocked by Albert Zamuner.
3:52 of 1st period - Vyacheslav Oleshko is hit by Jarred Kennelly and loses puck.
4:14 of 1st period - Slapshot by Jonny Roman.
4:14 of 1st period - Shot Blocked by Acke Kronholm.
4:21 of 1st period - Slapshot by Vyacheslav Oleshko.
4:21 of 1st period - Shot Misses the Net.
4:23 of 1st period - Slapshot by Vyacheslav Oleshko.
4:23 of 1st period - Shot Misses the Net.
4:37 of 1st period - Riordan Winstone is hit by Cruz Dupont and loses puck.
4:58 of 1st period - Snap shot by Silvan Haslebacher.
4:58 of 1st period - Shot Misses the Net.
5:00 of 1st period - Slapshot by Acke Kronholm.
5:00 of 1st period - Stopped by Olaf Patalong without a rebound.
5:01 of 1st period - Garland Newkirk wins face-off versus Ashton Thomson in Red Tails zone.
5:16 of 1st period - Wrist shot by Silvan Haslebacher.
5:16 of 1st period - Deflect By Valentin Lokhanov.
5:16 of 1st period - Stopped by Olaf Patalong without a rebound.
5:17 of 1st period - Jarred Kennelly wins face-off versus Harry Clerk in Red Tails zone.
5:45 of 1st period - Icing by Blaize Bremer.
5:46 of 1st period - Garland Newkirk wins face-off versus Leimo Ali in Red Tails zone.
5:47 of 1st period - Snap shot by Silvan Haslebacher.
5:47 of 1st period - Shot Misses the Net.
5:53 of 1st period - Kobe Babych is hit by Valentin Lokhanov and loses puck.
6:23 of 1st period - Wrist shot by Blaize Bremer.
6:23 of 1st period - Shot Misses the Net.
6:25 of 1st period - Slapshot by Coltyn Bergevin.
6:25 of 1st period - Stopped by Jim Gloeckner without a rebound.
6:26 of 1st period - Jarred Kennelly wins face-off versus Tom Folke in Trident zone.
6:53 of 1st period - Wrist shot by Lenny Koonts.
6:53 of 1st period - Stopped by Olaf Patalong with a rebound.
7:27 of 1st period - Snap shot by Cruz Dupont.
7:27 of 1st period - Stopped by Jim Gloeckner without a rebound.
7:28 of 1st period - Jarred Kennelly wins face-off versus Harry Clerk in Trident zone.
8:00 of 1st period - Snap shot by Joel Mcgauley.
8:00 of 1st period - Stopped by Jim Gloeckner with a rebound.
8:02 of 1st period - Snap shot by Dolf Imseng.
8:02 of 1st period - Shot Blocked by Arnt Pfeffer.
8:04 of 1st period - Snap shot by Clifford Nickles.
8:04 of 1st period - Shot Misses the Net.
8:22 of 1st period - Nathan Paasiaro is hit by Ashton Thomson and loses puck.
9:15 of 1st period - Gordon Peltokangas is hit by Lukas Weller and loses puck.
9:32 of 1st period - Lukas Weller is hit by Garland Newkirk and loses puck.
10:30 of 1st period - Marc-Andre Larochelle is hit by Jonny Roman and loses puck.
10:42 of 1st period - Off-side.
10:43 of 1st period - Ashton Thomson wins face-off versus Silvan Haslebacher in neutral zone.
10:46 of 1st period - Snap shot by Blaize Bremer.
10:46 of 1st period - Stopped by Jim Gloeckner without a rebound.
10:47 of 1st period - Garland Newkirk wins face-off versus Ashton Thomson in Trident zone.
10:52 of 1st period - Vyacheslav Oleshko is hit by Arnt Pfeffer and loses puck.
11:25 of 1st period - Wrist shot by Cruz Dupont.
11:25 of 1st period - Shot Blocked by Loren Converse.
11:41 of 1st period - Waldemar Janne is hit by Michal Stellon.
11:51 of 1st period - Slapshot by Dolf Imseng.
11:51 of 1st period - Shot Blocked by Acke Kronholm.
12:03 of 1st period - Wrist shot by Joel Mcgauley.
12:03 of 1st period - Stopped by Jim Gloeckner with a rebound.
12:05 of 1st period - Snap shot by Dolf Imseng.
12:05 of 1st period - Stopped by Jim Gloeckner with a rebound.
12:31 of 1st period - Lenny Koonts is hit by Ashton Thomson.
12:32 of 1st period - Icing by Lenny Koonts.
12:33 of 1st period - Tom Folke wins face-off versus Riordan Winstone in Trident zone.
12:34 of 1st period - Wrist shot by Cruz Dupont.
12:34 of 1st period - Stopped by Jim Gloeckner with a rebound.
12:36 of 1st period - Slapshot by Tom Folke.
12:36 of 1st period - Stopped by Jim Gloeckner with a rebound.
12:38 of 1st period - Snap shot by Tom Folke.
12:38 of 1st period - Shot Misses the Net.
13:10 of 1st period - Wrist shot by Bill Brelih.
13:10 of 1st period - Shot Misses the Net.
13:52 of 1st period - Slapshot by Dolf Imseng.
13:52 of 1st period - Shot Misses the Net.
13:54 of 1st period - Backhand shot by Kobe Babych.
13:54 of 1st period - Deflect By Joel Mcgauley.
13:54 of 1st period - Shot Misses the Net.
13:54 of 1st period - Puck is out of play.
13:55 of 1st period - Tom Folke wins face-off versus Jarred Kennelly in Trident zone.
13:56 of 1st period - Slapshot by Cruz Dupont.
13:56 of 1st period - Deflect By Cole Mcure.
13:56 of 1st period - Shot Misses the Net.
13:56 of 1st period - Puck is out of play.
13:57 of 1st period - Jarred Kennelly wins face-off versus Tom Folke in Trident zone.
14:28 of 1st period - Arnt Pfeffer is hit by Cole Mcure and loses puck.
16:05 of 1st period - Snap shot by Waldemar Janne.
16:05 of 1st period - Stopped by Jim Gloeckner with a rebound.
16:07 of 1st period - Snap shot by Waldemar Janne.
16:07 of 1st period - Stopped by Jim Gloeckner without a rebound.
16:08 of 1st period - Cruz Dupont wins face-off versus Garland Newkirk in Trident zone.
18:59 of 1st period - Silvan Haslebacher is hit by Svyatoslav Mylnikov and loses puck.
19:09 of 1st period - Icing by Clifford Nickles.
19:10 of 1st period - Ashton Thomson wins face-off versus Riordan Winstone in Red Tails zone.
19:17 of 1st period - Eddie Schmidtke is hit by Vyacheslav Oleshko and loses puck.
19:26 of 1st period - Slapshot by Leimo Ali.
19:26 of 1st period - Stopped by Jim Gloeckner without a rebound.
19:27 of 1st period - Tom Folke wins face-off versus Garland Newkirk in Trident zone.
19:30 of 1st period - Slapshot by Coltyn Bergevin.
19:30 of 1st period - Stopped by Jim Gloeckner without a rebound.
19:31 of 1st period - Garland Newkirk wins face-off versus Tom Folke in Trident zone.
19:39 of 1st period - Coltyn Bergevin is hit by Loren Converse and loses puck.
Goals for this period are 0 for Red Tails vs 0 for Trident.
Shots for this period are 15 for Red Tails vs 5 for Trident.
2nd Period

0:01 of 2nd period - Jarred Kennelly wins face-off versus Tom Folke in neutral zone.
0:08 of 2nd period - Snap shot by Arnt Pfeffer.
0:08 of 2nd period - Shot Blocked by Cole Mcure.
0:51 of 2nd period - Gordon Peltokangas is hit by Harry Clerk and loses puck.
0:56 of 2nd period - Wrist shot by Harry Clerk.
0:56 of 2nd period - Shot Misses the Net.
0:58 of 2nd period - Slapshot by Kobe Babych.
0:58 of 2nd period - Shot Misses the Net.
1:14 of 2nd period - Snap shot by Lenny Koonts.
1:14 of 2nd period - Shot Blocked by Kobe Babych.
1:50 of 2nd period - Slapshot by Leimo Ali.
1:50 of 2nd period - Shot Blocked by Acke Kronholm.
1:52 of 2nd period - Wrist shot by Leimo Ali.
1:52 of 2nd period - Shot Misses the Net.
1:54 of 2nd period - Slapshot by Ashton Thomson.
1:54 of 2nd period - Stopped by Jim Gloeckner with a rebound.
1:56 of 2nd period - Snap shot by Ashton Thomson.
1:56 of 2nd period - Shot Misses the Net.
2:12 of 2nd period - Slapshot by Valentin Lokhanov.
2:12 of 2nd period - Shot Misses the Net.
2:14 of 2nd period - Wrist shot by Terrence Mazzei.
2:14 of 2nd period - Deflect By Gordon Peltokangas.
2:14 of 2nd period - Shot Blocked by Lukas Weller.
2:14 of 2nd period - Puck is out of play.
2:15 of 2nd period - Terrence Mazzei wins face-off versus Tom Folke in Red Tails zone.
2:24 of 2nd period - Slapshot by Coltyn Bergevin.
2:24 of 2nd period - Stopped by Jim Gloeckner without a rebound.
2:25 of 2nd period - Jarred Kennelly wins face-off versus Tom Folke in Trident zone.
2:46 of 2nd period - Slapshot by Coltyn Bergevin.
2:46 of 2nd period - Deflect By Jimmy Ruddell.
2:46 of 2nd period - Stopped by Jim Gloeckner without a rebound.
2:47 of 2nd period - Garland Newkirk wins face-off versus Ashton Thomson in Trident zone.
2:54 of 2nd period - Valentin Lokhanov is hit by Ashton Thomson and loses puck.
2:59 of 2nd period - Snap shot by Leimo Ali.
2:59 of 2nd period - Stopped by Jim Gloeckner without a rebound.
3:00 of 2nd period - Harry Clerk wins face-off versus Jarred Kennelly in Trident zone.
3:53 of 2nd period - Wrist shot by Tom Folke.
3:53 of 2nd period - Stopped by Jim Gloeckner without a rebound.
3:54 of 2nd period - Ashton Thomson wins face-off versus Terrence Mazzei in Trident zone.
4:03 of 2nd period - Snap shot by Leimo Ali.
4:03 of 2nd period - Stopped by Jim Gloeckner with a rebound.
4:13 of 2nd period - Loren Converse is hit by Leimo Ali and loses puck.
4:20 of 2nd period - Leimo Ali is hit by Michal Stellon.
4:34 of 2nd period - Snap shot by Gordon Peltokangas.
4:34 of 2nd period - Stopped by Olaf Patalong with a rebound.
5:01 of 2nd period - Wrist shot by Leimo Ali.
5:01 of 2nd period - Stopped by Jim Gloeckner without a rebound.
5:02 of 2nd period - Jarred Kennelly wins face-off versus Harry Clerk in Trident zone.
5:13 of 2nd period - Slapshot by Coltyn Bergevin.
5:13 of 2nd period - Shot Misses the Net.
5:19 of 2nd period - Harry Clerk is hit by Marc-Andre Larochelle and loses puck.
7:09 of 2nd period - Slapshot by Lubos Gebauer.
7:09 of 2nd period - Stopped by Olaf Patalong without a rebound.
7:10 of 2nd period - Terrence Mazzei wins face-off versus Blaize Bremer in Red Tails zone.
7:19 of 2nd period - Snap shot by Gordon Peltokangas.
7:19 of 2nd period - Shot Blocked by Svyatoslav Mylnikov.
7:33 of 2nd period - Wrist shot by Leimo Ali.
7:33 of 2nd period - Stopped by Jim Gloeckner without a rebound.
7:34 of 2nd period - Tom Folke wins face-off versus Garland Newkirk in Trident zone.
8:00 of 2nd period - Acke Kronholm is hit by Harry Clerk and loses puck.
8:07 of 2nd period - Wrist shot by Bill Brelih.
8:07 of 2nd period - Goal by Bill Brelih - Red Tails : 1 - Trident : 0.
8:08 of 2nd period - Marc-Andre Larochelle wins face-off versus Tom Folke in neutral zone.
8:10 of 2nd period - Minor Penalty to Jarred Kennelly for Roughing.
8:11 of 2nd period - Tom Folke wins face-off versus Jimmy Ruddell in Trident zone.
8:11 of 2nd period - Snap shot by Waldemar Janne.
8:11 of 2nd period - Shot Misses the Net.
8:43 of 2nd period - Slapshot by Leimo Ali.
8:43 of 2nd period - Stopped by Jim Gloeckner with a rebound.
9:25 of 2nd period - Tom Folke is hit by Arnt Pfeffer and loses puck.
10:10 of 2nd period - Penalty to Jarred Kennelly is over, Jarred Kennelly is back on ice.
10:53 of 2nd period - Minor Penalty to Lubos Gebauer for Roughing.
10:54 of 2nd period - Tom Folke wins face-off versus Silvan Haslebacher in Trident zone.
11:01 of 2nd period - Slapshot by Cruz Dupont.
11:01 of 2nd period - Stopped by Jim Gloeckner with a rebound.
11:03 of 2nd period - Backhand shot by Cole Mcure.
11:03 of 2nd period - Shot Misses the Net.
11:05 of 2nd period - Slapshot by Cole Mcure.
11:05 of 2nd period - Stopped by Jim Gloeckner with a rebound.
11:23 of 2nd period - Off-side.
11:24 of 2nd period - Jimmy Ruddell wins face-off versus Tom Folke in neutral zone.
11:37 of 2nd period - Acke Kronholm is hit by Tom Folke and loses puck.
12:34 of 2nd period - Wrist shot by Ashton Thomson.
12:34 of 2nd period - Shot Misses the Net.
12:36 of 2nd period - Slapshot by Coltyn Bergevin.
12:36 of 2nd period - Stopped by Jim Gloeckner with a rebound.
12:53 of 2nd period - Penalty to Lubos Gebauer is over, Lubos Gebauer is back on ice.
13:06 of 2nd period - Snap shot by Leimo Ali.
13:06 of 2nd period - Shot Blocked by Arnt Pfeffer.
13:20 of 2nd period - Snap shot by Ashton Thomson.
13:20 of 2nd period - Stopped by Jim Gloeckner with a rebound.
13:22 of 2nd period - Wrist shot by Blaize Bremer.
13:22 of 2nd period - Shot Blocked by Arnt Pfeffer.
13:24 of 2nd period - Snap shot by Blaize Bremer.
13:24 of 2nd period - Shot Blocked by Silvan Haslebacher.
13:26 of 2nd period - Slapshot by Coltyn Bergevin.
13:26 of 2nd period - Shot Misses the Net.
13:28 of 2nd period - Snap shot by Leimo Ali.
13:28 of 2nd period - Stopped by Jim Gloeckner with a rebound.
13:57 of 2nd period - Off-side.
13:58 of 2nd period - Terrence Mazzei wins face-off versus Cruz Dupont in neutral zone.
14:25 of 2nd period - Harry Clerk is hit by Eddie Schmidtke and loses puck.
15:52 of 2nd period - Acke Kronholm is hit by Cole Mcure and loses puck.
15:56 of 2nd period - Icing by Riordan Winstone.
15:57 of 2nd period - Tom Folke wins face-off versus Riordan Winstone in Trident zone.
17:07 of 2nd period - Arnt Pfeffer is hit by Cole Mcure and loses puck.
18:05 of 2nd period - Dolf Imseng is hit by Lenny Koonts and loses puck.
18:40 of 2nd period - Wrist shot by Jimmy Ruddell.
18:40 of 2nd period - Stopped by Olaf Patalong with a rebound.
19:02 of 2nd period - Snap shot by Clifford Nickles.
19:02 of 2nd period - Shot Blocked by Riordan Winstone.
19:34 of 2nd period - Tom Folke is hit by Garland Newkirk.
19:48 of 2nd period - Garland Newkirk is hit by Svyatoslav Mylnikov.
19:58 of 2nd period - Jimmy Ruddell is hit by Ashton Thomson and loses puck.
Goals for this period are 1 for Red Tails vs 0 for Trident.
Shots for this period are 15 for Red Tails vs 3 for Trident.
3rd Period

0:01 of 3rd period - Tom Folke wins face-off versus Garland Newkirk in neutral zone.
0:37 of 3rd period - Kobe Babych is hit by Loren Converse and loses puck.
0:42 of 3rd period - Backhand shot by Silvan Haslebacher.
0:42 of 3rd period - Stopped by Olaf Patalong with a rebound.
0:44 of 3rd period - Slapshot by Acke Kronholm.
0:44 of 3rd period - Stopped by Olaf Patalong with a rebound.
0:46 of 3rd period - Wrist shot by Valentin Lokhanov.
0:46 of 3rd period - Goal by Valentin Lokhanov - Red Tails : 1 - Trident : 1.
0:47 of 3rd period - Ashton Thomson wins face-off versus Jarred Kennelly in neutral zone.
0:50 of 3rd period - Arnt Pfeffer is hit by Ashton Thomson and loses puck.
1:03 of 3rd period - Slapshot by Jarred Kennelly.
1:03 of 3rd period - Shot Blocked by Ashton Thomson.
1:13 of 3rd period - Slapshot by Gordon Peltokangas.
1:13 of 3rd period - Shot Misses the Net.
1:48 of 3rd period - Lenny Koonts is hit by Coltyn Bergevin.
1:52 of 3rd period - Snap shot by Eddie Schmidtke.
1:52 of 3rd period - Stopped by Olaf Patalong with a rebound.
2:00 of 3rd period - Slapshot by Clifford Nickles.
2:00 of 3rd period - Goal by Clifford Nickles - Red Tails : 2 - Trident : 1.
2:01 of 3rd period - Ashton Thomson wins face-off versus Garland Newkirk in neutral zone.
2:28 of 3rd period - Kobe Babych is hit by Jarred Kennelly and loses puck.
2:33 of 3rd period - Wrist shot by Jimmy Ruddell.
2:33 of 3rd period - Shot Misses the Net.
2:43 of 3rd period - Jarred Kennelly is hit by Dolf Imseng.
2:52 of 3rd period - Off-side.
2:53 of 3rd period - Silvan Haslebacher wins face-off versus Clifford Nickles in neutral zone.
3:22 of 3rd period - Slapshot by Ashton Thomson.
3:22 of 3rd period - Stopped by Jim Gloeckner with a rebound.
3:24 of 3rd period - Wrist shot by Blaize Bremer.
3:24 of 3rd period - Shot Blocked by Arnt Pfeffer.
3:26 of 3rd period - Slapshot by Vyacheslav Oleshko.
3:26 of 3rd period - Shot Hit the Post.
3:28 of 3rd period - Snap shot by Ashton Thomson.
3:28 of 3rd period - Stopped by Jim Gloeckner with a rebound.
3:30 of 3rd period - Snap shot by Leimo Ali.
3:30 of 3rd period - Stopped by Jim Gloeckner with a rebound.
3:44 of 3rd period - Wrist shot by Jimmy Ruddell.
3:44 of 3rd period - Shot Blocked by Lukas Weller.
4:01 of 3rd period - Off-side.
4:02 of 3rd period - Riordan Winstone wins face-off versus Harry Clerk in neutral zone.
4:07 of 3rd period - Wrist shot by Eddie Schmidtke.
4:07 of 3rd period - Shot Blocked by Bill Brelih.
4:09 of 3rd period - Slapshot by Lenny Koonts.
4:09 of 3rd period - Shot Misses the Net.
4:11 of 3rd period - Snap shot by Loren Converse.
4:11 of 3rd period - Stopped by Olaf Patalong with a rebound.
4:13 of 3rd period - Backhand shot by Acke Kronholm.
4:13 of 3rd period - Deflect By Lenny Koonts.
4:13 of 3rd period - Shot Blocked by Dolf Imseng.
4:13 of 3rd period - Puck is out of play.
4:14 of 3rd period - Ashton Thomson wins face-off versus Garland Newkirk in Red Tails zone.
4:14 of 3rd period - Dolf Imseng is hit by Loren Converse and loses puck.
4:27 of 3rd period - Slapshot by Dolf Imseng.
4:27 of 3rd period - Shot Misses the Net.
4:29 of 3rd period - Slapshot by Leimo Ali.
4:29 of 3rd period - Stopped by Jim Gloeckner with a rebound.
4:31 of 3rd period - Snap shot by Ashton Thomson.
4:31 of 3rd period - Shot Misses the Net.
4:41 of 3rd period - Silvan Haslebacher is hit by Waldemar Janne and loses puck.
4:52 of 3rd period - Wrist shot by Waldemar Janne.
4:52 of 3rd period - Deflect By Silvan Haslebacher.
4:52 of 3rd period - Stopped by Jim Gloeckner with a rebound.
4:54 of 3rd period - Slapshot by Waldemar Janne.
4:54 of 3rd period - Stopped by Jim Gloeckner without a rebound.
4:55 of 3rd period - Jarred Kennelly wins face-off versus Tom Folke in Trident zone.
5:08 of 3rd period - Slapshot by Tom Folke.
5:08 of 3rd period - Stopped by Jim Gloeckner with a rebound.
5:10 of 3rd period - Slapshot by Cole Mcure.
5:10 of 3rd period - Shot Blocked by Nathan Paasiaro.
5:12 of 3rd period - Snap shot by Tom Folke.
5:12 of 3rd period - Stopped by Jim Gloeckner without a rebound.
5:13 of 3rd period - Blaize Bremer wins face-off versus Terrence Mazzei in Trident zone.
5:53 of 3rd period - Icing by Jimmy Ruddell.
5:54 of 3rd period - Marc-Andre Larochelle wins face-off versus Harry Clerk in Trident zone.
7:12 of 3rd period - Snap shot by Coltyn Bergevin.
7:12 of 3rd period - Shot Misses the Net.
7:14 of 3rd period - Snap shot by Coltyn Bergevin.
7:14 of 3rd period - Stopped by Jim Gloeckner with a rebound.
7:16 of 3rd period - Slapshot by Lukas Weller.
7:16 of 3rd period - Stopped by Jim Gloeckner without a rebound.
7:17 of 3rd period - Tom Folke wins face-off versus Garland Newkirk in Trident zone.
7:52 of 3rd period - Wrist shot by Michal Stellon.
7:52 of 3rd period - Stopped by Olaf Patalong with a rebound.
8:10 of 3rd period - Eddie Schmidtke is hit by Svyatoslav Mylnikov.
8:43 of 3rd period - Off-side.
8:44 of 3rd period - Leimo Ali wins face-off versus Terrence Mazzei in neutral zone.
8:49 of 3rd period - Snap shot by Leimo Ali.
8:49 of 3rd period - Shot Blocked by Albert Zamuner.
8:51 of 3rd period - Slapshot by Kobe Babych.
8:51 of 3rd period - Stopped by Jim Gloeckner without a rebound.
8:52 of 3rd period - Garland Newkirk wins face-off versus Tom Folke in Trident zone.
9:01 of 3rd period - Wrist shot by Silvan Haslebacher.
9:01 of 3rd period - Shot Hit the Post.
9:03 of 3rd period - Wrist shot by Garland Newkirk.
9:03 of 3rd period - Deflect By Valentin Lokhanov.
9:03 of 3rd period - Shot Misses the Net.
9:03 of 3rd period - Puck is out of play.
9:04 of 3rd period - Tom Folke wins face-off versus Garland Newkirk in Red Tails zone.
9:13 of 3rd period - Garland Newkirk is hit by Kobe Babych and loses puck.
9:35 of 3rd period - Snap shot by Jimmy Ruddell.
9:35 of 3rd period - Shot Misses the Net.
9:37 of 3rd period - Wrist shot by Nathan Paasiaro.
9:37 of 3rd period - Deflect By Jimmy Ruddell.
9:37 of 3rd period - Goal by Jimmy Ruddell - Red Tails : 2 - Trident : 2.
9:38 of 3rd period - Garland Newkirk wins face-off versus Ashton Thomson in neutral zone.
9:53 of 3rd period - Snap shot by Valentin Lokhanov.
9:53 of 3rd period - Shot Misses the Net.
9:55 of 3rd period - Slapshot by Arnt Pfeffer.
9:55 of 3rd period - Shot Blocked by Blaize Bremer.
10:28 of 3rd period - Wrist shot by Jarred Kennelly.
10:28 of 3rd period - Stopped by Olaf Patalong without a rebound.
10:29 of 3rd period - Terrence Mazzei wins face-off versus Harry Clerk in Red Tails zone.
10:32 of 3rd period - Snap shot by Michal Stellon.
10:32 of 3rd period - Shot Blocked by Dolf Imseng.
10:44 of 3rd period - Snap shot by Michal Stellon.
10:44 of 3rd period - Stopped by Olaf Patalong without a rebound.
10:45 of 3rd period - Ashton Thomson wins face-off versus Silvan Haslebacher in Red Tails zone.
10:56 of 3rd period - Slapshot by Blaize Bremer.
10:56 of 3rd period - Stopped by Jim Gloeckner without a rebound.
10:57 of 3rd period - Tom Folke wins face-off versus Silvan Haslebacher in Trident zone.
11:24 of 3rd period - Jarred Kennelly is hit by Blaize Bremer and loses puck.
12:49 of 3rd period - Nathan Paasiaro is hit by Leimo Ali and loses puck.
13:57 of 3rd period - Off-side.
13:58 of 3rd period - Tom Folke wins face-off versus Jarred Kennelly in neutral zone.
14:35 of 3rd period - Snap shot by Tom Folke.
14:35 of 3rd period - Stopped by Jim Gloeckner with a rebound.
14:37 of 3rd period - Wrist shot by Tom Folke.
14:37 of 3rd period - Deflect By Jimmy Ruddell.
14:37 of 3rd period - Shot Misses the Net.
14:37 of 3rd period - Puck is out of play.
14:38 of 3rd period - Ashton Thomson wins face-off versus Garland Newkirk in Trident zone.
15:18 of 3rd period - Off-side.
15:19 of 3rd period - Harry Clerk wins face-off versus Jarred Kennelly in neutral zone.
15:24 of 3rd period - Backhand shot by Dolf Imseng.
15:24 of 3rd period - Stopped by Jim Gloeckner with a rebound.
15:30 of 3rd period - Wrist shot by Jarred Kennelly.
15:30 of 3rd period - Stopped by Olaf Patalong with a rebound.
15:32 of 3rd period - Slapshot by Jimmy Ruddell.
15:32 of 3rd period - Stopped by Olaf Patalong with a rebound.
15:34 of 3rd period - Snap shot by Jimmy Ruddell.
15:34 of 3rd period - Shot Misses the Net.
15:36 of 3rd period - Slapshot by Marc-Andre Larochelle.
15:36 of 3rd period - Shot Misses the Net.
15:42 of 3rd period - Minor Penalty to Harry Clerk for Roughing.
15:43 of 3rd period - Gordon Peltokangas wins face-off versus Clifford Nickles in Red Tails zone.
15:46 of 3rd period - Wrist shot by Silvan Haslebacher.
15:46 of 3rd period - Shot Misses the Net.
15:56 of 3rd period - Slapshot by Arnt Pfeffer.
15:56 of 3rd period - Shot Blocked by Svyatoslav Mylnikov.
17:42 of 3rd period - Penalty to Harry Clerk is over, Harry Clerk is back on ice.
17:56 of 3rd period - Harry Clerk is hit by Terrence Mazzei and loses puck.
18:29 of 3rd period - Icing by Coltyn Bergevin.
18:30 of 3rd period - Terrence Mazzei wins face-off versus Ashton Thomson in Red Tails zone.
19:28 of 3rd period - Garland Newkirk is hit by Bill Brelih and loses puck.
Goals for this period are 1 for Red Tails vs 2 for Trident.
Shots for this period are 15 for Red Tails vs 11 for Trident.
Overtime

0:01 of 1st overtime period - Tom Folke wins face-off versus Garland Newkirk in neutral zone.
0:14 of 1st overtime period - Snap shot by Dolf Imseng.
0:14 of 1st overtime period - Shot Misses the Net.
1:17 of 1st overtime period - Icing by Silvan Haslebacher.
1:18 of 1st overtime period - Ashton Thomson wins face-off versus Jarred Kennelly in Trident zone.
1:19 of 1st overtime period - Wrist shot by Leimo Ali.
1:19 of 1st overtime period - Stopped by Jim Gloeckner with a rebound.
1:45 of 1st overtime period - Wrist shot by Garland Newkirk.
1:45 of 1st overtime period - Shot Misses the Net.
1:47 of 1st overtime period - Wrist shot by Garland Newkirk.
1:47 of 1st overtime period - Goal by Garland Newkirk - Red Tails : 2 - Trident : 3.
Goals for this period are 0 for Red Tails vs 1 for Trident.
Shots for this period are 1 for Red Tails vs 1 for Trident.

3 STARS

1st Star
G
1
SA 46
GA 2
SV% 0.957
TOI 61:47
2nd Star
LW
90
G 1
A 1
+/- 2
TOI 19:40
3rd Star
C
84
G 1
A 0
+/- 2
TOI 17:33

Game Stats

TRT
VS
TRI
2 Goals 3
46 Shots 20
11 Blocked Shots 13
25 Missed Shots 14
54.5 Faceoff % 49.1
2 Power Plays 1
0 Power Play Goals 0
0 Power Play % 0

GAME DETAILS

VENUE
Unknown
CITY
Unknown
REFEREES
Charlie Van Kula, Claude Bechard
LINESMEN
Dan Schachte, Dan O'Halloran
ATTENDANCE
16,475